AoeStats
← $MOKECHEDDATHAA$$GETTA

Four Lakes

508528041Analyzed
1v1 RM · 9d ago on Sep 22, 2026· 46m 6s· 2 players
Game mode
Random Map
Map size
Tiny (2 player)
Population
200
Speed
Normal
Resources
Standard
Victory
Conquest
Starting age
Dark Age
Ending age
Imperial Age
RankedLock teamsTeams togetherTeam positionsShared explorationLock speedFull tech treeHidden civsTurbo modeCheats
Victory
Defeat
🇫🇷 Malay · France
939
+16
934
-16
$MOKECHEDDATHAA$$GETTA
12:28 Feudal Age
12:56 Loom
17:49 Castle Age
16:03 Padded Archer Armor
16:12 Double-Bit Axe
16:12 Fishing Lines
16:44 Fletching
18:55 Thumb Ring
19:20 Bow Saw
19:14 Bodkin Arrow
19:16 Gillnets
24:26 Stone Mining
24:30 Gold Mining
25:51 Leather Archer Armor
29:04 Ballistics
30:05 Wheelbarrow
29:50 Forging
29:40 Scale Mail Armor
30:19 Clinker Construction
31:08 Medical Corps
31:53 Hand Cart
32:45 Iron Casting
32:25 Chain Mail Armor
34:06 Devotion
34:11 Town Watch
35:16 Medium Warships
35:20 Masonry
39:21 Imperial Age
38:37 Murder Holes
40:37 Conscription
40:19 Horse Collar
41:49 Two-Man Saw
40:52 Bracer
41:11 Husbandry
41:42 Heavy Plow
43:09 Wootz Steel
42:13 Light Cavalry
43:07 Scale Barding Armor
KasayaWarden
7:41 Loom
8:10 Loom
11:02 Feudal Age
10:56 Double-Bit Axe
17:03 Castle Age
16:33 Forging
16:14 Fletching
17:08 Bow Saw
17:45 Town Watch
17:24 Man-at-Arms
18:32 Squires
18:15 Fishing Lines
19:43 Long Swordsman
20:29 Arson
20:25 Crossbowman
23:42 Horse Collar
23:52 Pikeman
24:48 Bodkin Arrow
24:58 Padded Archer Armor
25:08 Gillnets
25:41 Stone Mining
26:07 Gold Mining
29:02 Wheelbarrow
33:23 Imperial Age
30:25 Elite Skirmisher
32:42 Thumb Ring
33:34 Conscription
34:02 Ballistics
34:43 Chemistry
34:17 Devotion
34:48 Illumination
34:39 Block Printing
34:55 Sanctity
35:42 Bracer
36:17 Iron Casting
35:59 Leather Archer Armor
39:50 Blast Furnace
43:39 Elite Karambit Warrior
45:15 Arbalester
Connection lost

Rejoining the realm…

Still unreachable

The connection could not be restored.

Session expired

The server has moved on; the page needs a fresh start.